 Dungeon Crawl Stone Soup version 0.28-a0-1616-g050a50673c (webtiles) character file.

Game seed: 10262462974178531390

88 grumblor the Shield-Bearer (level 4, -1/24 HPs)
             Began as a Vine Stalker Fighter on Jan 23, 2022.
             Slain by a white imp (2 damage)
             ... summoned by Natasha
             ... on level 3 of the Dungeon.
             The game lasted 00:02:26 (2145 turns).

grumblor the Shield-Bearer (Vine Stalker Fighter)   Turns: 2145, Time: 00:02:26

Health: -1/24      AC: 13    Str: 21    XL:     4   Next: 54%
Magic:  0/5        EV:  9    Int:  8    God:
Gold:   53         SH:  5    Dex: 13    Spells: 3/3 levels left

rFire   . . .      SeeInvis .   a - +0 war axe
rCold   . . .      Faith    .   c - +1 buckler
rNeg    . . .      Spirit   +   b - +0 scale mail
rPois   .          Reflect  .   k - +2 helmet
rElec   .          Harm     .   (no cloak)
rCorr   .          Rampage  .   (no gloves)
Will    .....                   (no boots)
Stlth   ..........              (no amulet)
HPRegen 0.88/turn               e - +4 ring of protection
MPRegen 0.09/turn               (no ring)

@: slowed, very slow
A: fangs 2, regeneration 1, magic shield, antimagic bite, no potion heal 2
a: no special abilities


You were on level 3 of the Dungeon.
You visited 1 branch of the dungeon, and saw 3 of its levels.

You collected 53 gold pieces.

Inventory:

Hand Weapons
 a - a +0 war axe (weapon)
Armour
 b - a +0 scale mail (worn)
 c - a +1 buckler (worn)
 k - a +2 helmet (worn)
Jewellery
 e - a +4 ring of protection (left hand)
 j - a ring of flight
Scrolls
 g - a scroll of blinking
Potions
 d - a potion of might
 f - a potion of attraction {unknown}
 h - 2 potions of curing {unknown}
 i - 2 potions of flight {unknown}
 l - a potion of haste {unknown}
 m - a potion of heal wounds {unknown}


   Skills:
 + Level 3.0 Fighting
 + Level 2.6 Axes
 + Level 2.8 Armour
 * Level 1.1 Dodging
 + Level 3.1 Shields


You had 3 spell levels left.
You didn't know any spells.
Your spell library contained the following spells:

 Spells                   Type           Power      Damage    Failure   Level
 Fireball                 Conj/Fire      0%         3d3       100%        5
 Starburst                Conj/Fire      0%         6d3       100%        6
 Ignition                 Fire           0%         3d3       100%        8


Dungeon Overview and Level Annotations

Branches:
Dungeon (3/15)

Altars:

Shops:
D:2 *

Annotations:
D:3 1 runed translucent door, Crazy Yiuf, Natasha


Innate Abilities, Weirdness & Mutations

You have extremely sharp teeth.
Your natural rate of healing is unusually fast.
When hurt, damage is shared between your health and your magic reserves.
Your bite disrupts and absorbs the magic of your enemies.
Potions cannot restore your health.


Message History

You hit the white imp. You block the white imp's attack.
Natasha claws you but does no damage. The white imp gestures at you.
The puff of frost hits you but does no damage.
The white imp hits you. The white imp freezes you.
You hit Natasha.
Natasha is almost dead.
You closely miss the white imp. Natasha casts a spell at you.
You feel yourself slow down. You block the white imp's attack.
Natasha claws you.
* * * LOW HITPOINT WARNING * * *
You miss Natasha. You bite Natasha, but do no damage.
Natasha is almost dead.
You barely miss the white imp. You closely miss the white imp.
The white imp barely misses you. Natasha claws you!
* * * LOW HITPOINT WARNING * * *
You block the white imp's attack. The white imp closely misses you.
Natasha claws you but does no damage. The white imp closely misses you.
You miss Natasha. You bite Natasha.
Natasha's magic leaks into the air.
You drain her magic.
You feel invigorated.
Natasha is almost dead.
You hit the white imp but do no damage. You slash the white imp!
You kill the white imp!
The white imp disappears in a puff of smoke!
Natasha's magic is no longer disrupted.
Natasha barely misses you. The white imp gestures at you.
The puff of frost hits you but does no damage.
You block Natasha's attack. The white imp barely misses you.
You closely miss Natasha. You bite Natasha, but do no damage.
Natasha is almost dead.
You hit the white imp. Natasha claws you.
* * * LOW HITPOINT WARNING * * *
The white imp misses you.
Natasha stares at you and mumbles some strange words.
You feel as though you will be slow longer.
The white imp hits you.
* * * LOW HITPOINT WARNING * * *
The white imp freezes you.
You die...

##### #)..#
#.# #...# #
#.# ...
#.##.## #+#
#.#>..##
#.## #).....
##.# #.....
#.## #.<.h#
##.# #$.#@#
##.##
#..5ยง# #
##...#
####.####...
#....#
#.........
##..##
#.......##
#....#
#.#######
#...## #.#
##.## #.#
#.# #.#
#####


You could see Natasha and a white imp (summoned).

Vanquished Creatures
  An orc priest (D:3)
  An adder (D:3)
  2 dart slugs
  3 orcs (D:3)
  5 bats
  5 endoplasms
  8 goblins
  2 hobgoblins
  3 jackals (D:1)
  A quokka (D:1)
  2 ball pythons (D:3)
  A frilled lizard (D:1)
  5 kobolds
  2 rats (D:1)
41 creatures vanquished.

Notes
Turn   | Place    | Note
-------+----------+-------------------------------------------
     0 | D:1      | grumblor the Vine Stalker Fighter began the quest for the
                  | Orb.
     0 | D:1      | Reached XP level 1. HP: 11/11 MP: 2/2
    42 | D:1      | Reached XP level 2. HP: 16/16 MP: 3/3
   432 | D:1      | Found a faded altar of an unknown god.
   895 | D:1      | Reached XP level 3. HP: 19/19 MP: 4/4
  1308 | D:2      | Found Zauxoir's General Store.
  1831 | D:3      | Reached skill level 1 in Dodging
  1831 | D:3      | Gained mutation: Your natural rate of healing is unusually
                  | fast. [Vine Stalker growth]
  1831 | D:3      | Reached XP level 4. HP: 11/24 MP: 2/5
  2091 | D:3      | Found a runed translucent door.
  2092 | D:3      | Noticed Crazy Yiuf
  2135 | D:3      | Noticed Natasha
  2143 | D:3      | HP: 1/24 [Natasha (7)]
  2145 | D:3      | Slain by a white imp

Illustrated notes

Levels and vault maps discovered:
D:1:      shiori_arrival_oz, layout_loops_corners, ebering_ecumenical_altar_mist
D:2:      layout_loops_corners, serial_shops, nicolae_shop_waterfront
D:3:      layout_loops_ring, uniq_ijyb, uniq_crazy_yiuf_cottage, uniq_jessica,
          uniq_sigmund, uniq_natasha

Skill      XL: |  1  2  3 |
---------------+----------+-----
Axes           | 2 |  2.6
Shields        | 3 |  3.1
Fighting       | 3 |  3.0
Dodging        | 1 |  1.1
Armour         | |  2.8

Action                   |  1- 3 |  4- 6 || total
-------------------------+-------+-------++-------
Melee: War axe           |    87 |    30 ||   117
       Bite              |    15 |     8 ||    23
  Use: Scroll            |     2 |       ||     2
Armor: Scale mail        |    54 |    20 ||    74
Dodge: Dodged            |    42 |    19 ||    61
Block: Buckler           |    23 |    11 ||    34

Table legend: (Time is in decaauts)
 A = Elapsed time spent in this place.
 B = Non-inter-level travel time spent in this place.
 C = Inter-level travel time spent in this place.
 D = Time resting spent in this place.
 E = Time spent auto-exploring this place.
 F = Levels seen in this place.
 G = Mean time per level.
                   A        B        C        D        E       F      G
               +--------+--------+--------+--------+--------+-----+--------+
         Total |   2194 |   2143 |     51 |      4 |   1801 |   3 |  731.3 |
       Dungeon |   2194 |   2143 |     51 |      4 |   1801 |   3 |  731.3 |
               +--------+--------+--------+--------+--------+-----+--------+

Top non-repeatable levels by time:
     D:1: 999 daAuts
     D:2: 836 daAuts
     D:3: 358 daAuts
